 Dungeon Crawl Stone Soup version 0.29-a0-321-gf1c400731a (webtiles) character file.

Game seed: 7381490432145279417

18 zishaf the Sneak (level 2, -1/26 HPs)
             Began as a Demigod Delver on Apr 4, 2022.
             Slain by a howler monkey (3 damage)
             ... on level 4 of the Dungeon.
             The game lasted 00:00:32 (295 turns).

zishaf the Sneak (Demigod Delver)                    Turns: 295, Time: 00:00:33

Health: -1/26      AC:  3    Str: 13    XL:     2   Next: 33%
Magic:  4/4        EV: 12    Int: 12    God:
Gold:   14         SH:  0    Dex: 15    Spells: 1/1 levels left

rFire   . . .      SeeInvis .   a - +0 falchion
rCold   . . .      Faith    .   (no shield)
rNeg    . . .      Spirit   .   b - +0 leather armour
rPois   .          Reflect  .   (no helmet)
rElec   .          Harm     .   (no cloak)
rCorr   .          Rampage  .   (no gloves)
Will    .....                   (no boots)
Stlth   +++.......              (no amulet)
HPRegen 0.08/turn               (no ring)
MPRegen 0.09/turn               (no ring)

@: no status effects
A: high MP 1, forlorn, divine attributes
a: no special abilities


You were on level 4 of the Dungeon.
You visited 1 branch of the dungeon, and saw 2 of its levels.

You collected 14 gold pieces.

Inventory:

Hand Weapons
 a - a +0 falchion (weapon)
Armour
 b - a +0 leather armour (worn)
Wands
 g - a wand of digging (3)
Scrolls
 c - 3 scrolls of fog
 d - a scroll of magic mapping
 e - a scroll of fear
 j - a scroll of teleportation {unknown}
Potions
 f - a potion of haste
 h - a potion of cancellation {unknown}
 i - a potion of brilliance {unknown}


   Skills:
 + Level 3.0 Fighting
 + Level 2.2 Long Blades
 + Level 2.1 Dodging
 - Level 4.5 Stealth


You had one spell level left.
You didn't know any spells.
Your spell library was empty.

Dungeon Overview and Level Annotations

Branches:
Dungeon (5/15)
 Temple: D:4-7


Innate Abilities, Weirdness & Mutations

You have an increased reservoir of magic. (+10% MP)
You shall have no god before yourself.
Your divine heritage dramatically boosts your attributes as you level up.


Message History

A kobold comes into view. It is wielding a +0 club.
Found a scroll labelled XYAGAN PIF PEU.
The kobold shouts!
The howler monkey howls!
A gnoll opens the gate.
The howler monkey hoots and howls with incredible vigour!
The gnoll shouts!
You hear a shout! x2; You hear an angry hiss.
You hear a shout! x7
An adder comes into view.
The adder hisses angrily.
The howler monkey closely misses you.
You hit the howler monkey but do no damage.
The howler monkey closely misses you.
You closely miss the howler monkey. The howler monkey hits you.
A gnoll comes into view. It is wielding a +0 halberd.
The howler monkey hits you.
You closely miss the howler monkey. The kobold closely misses you.
The howler monkey hits you.
A ball python comes into view.
You are too injured to fight recklessly!
You are too injured to fight recklessly!
You are too injured to fight recklessly!
Unknown command.
You are too injured to fight recklessly!
The gnoll shouts!
You slash the howler monkey!
The howler monkey is moderately wounded.
The adder bites you. The kobold hits you but does no damage.
The howler monkey closely misses you. The adder barely misses you.
The kobold barely misses you.
You hit the howler monkey.
The howler monkey is heavily wounded.
The howler monkey barely misses you. The adder bites you.
The gnoll barely misses you. The kobold hits you but does no damage.
The howler monkey misses you.
The gnoll hits you from afar with a +0 halberd.
* * * LOW HITPOINT WARNING * * *
You hit the howler monkey.
The howler monkey is severely wounded.
The adder bites you but does no damage. The howler monkey hits you.
You die...

#...# #...#
##############...# #####
..>..........#...#.....#
.#.#########.#...#.....#
.... ...........†....>..
#######.####.....#.....#
##.#...(.### #$#K@g..#
#..Sh...# ....#....g.#
....#......#
....##..$..S. .
#.###'''# #? ..... #.
≈≈≈≈.


You could see a howler monkey, 2 gnolls, an adder, a ball python and a kobold.

Vanquished Creatures
  2 adders
2 creatures vanquished.

Notes
Turn   | Place    | Note
-------+----------+-------------------------------------------
     0 | D:5      | zishaf the Demigod Delver began the quest for the Orb.
     0 | D:5      | Reached XP level 1. HP: 18/18 MP: 3/3
   280 | D:4      | Noticed a howler monkey
   287 | D:4      | Reached XP level 2. HP: 24/26 MP: 4/4
   295 | D:4      | Slain by a howler monkey

Illustrated notes

Levels and vault maps discovered:
D:4:      layout_basic, mainiacjoe_overflow_alcove_4, overflow_temple_1_default
D:5:      layout_gridville, mainiacjoe_overflow_paths,
          minmay_temple_entry_stoned_glass, due_unseen_surprise

Skill      XL: |  1 |
---------------+----+-----
Long Blades    | 2 |  2.2
Dodging        | 2 |  2.1
Fighting       | 3 |  3.0
Stealth        | |  4.5

Action                   || total
-------------------------++-------
Melee: Falchion          ||    15
Armor: Leather armour    ||     5
Dodge: Dodged            ||    15

Table legend: (Time is in decaauts)
 A = Elapsed time spent in this place.
 B = Non-inter-level travel time spent in this place.
 C = Inter-level travel time spent in this place.
 D = Time resting spent in this place.
 E = Time spent auto-exploring this place.
 F = Levels seen in this place.
 G = Mean time per level.
                   A        B        C        D        E       F      G
               +--------+--------+--------+--------+--------+-----+--------+
         Total |    297 |    297 |      0 |      0 |    259 |   2 |  148.5 |
       Dungeon |    297 |    297 |      0 |      0 |    259 |   2 |  148.5 |
               +--------+--------+--------+--------+--------+-----+--------+

Top non-repeatable levels by time:
     D:5: 271 daAuts
     D:4: 26 daAuts
